 Dungeon Crawl Stone Soup version 0.22-a0-515-g75794bf (webtiles) character file.

5473 Gildeon the Cleaver (level 10, -4/79 HPs)
             Began as a Minotaur Fighter on June 19, 2018.
             Was a Follower of Qazlal.
             Slain by a troll (14 damage)
             ... on level 9 of the Dungeon.
             The game lasted 00:31:03 (7247 turns).

Gildeon the Cleaver (Minotaur Fighter)              Turns: 7247, Time: 00:31:04

Health: -4/79      AC: 26    Str: 22    XL:     10   Next: 42%
Magic:  11/11      EV: 10    Int:  7    God:    Qazlal [*.....]
Gold:   467        SH:  1    Dex: 15    Spells: 2/11 levels left

rFire    . . .     SeeInvis .   a - +3 battleaxe
rCold    + + .     Gourm    .   (shield currently unavailable)
rNeg     . . .     Faith    .   g - +10 plate armour of the Nexus {Dex+3 Slay+3}
rPois    .         Spirit   .   (helmet restricted)
rElec    .         Reflect  .   l - +2 cloak
rCorr    .         Harm     +   (no gloves)
MR       .....                  (no boots)
Stlth    ..........             n - amulet of harm
HPRegen  0.23/turn              k - +2 ring of intelligence
MPRegen  0.12/turn              r - ring of protection from cold

@: no status effects
A: retaliatory headbutt, horns 2, cold resistance 1, frail 1
a: Renounce Religion


You were on level 9 of the Dungeon.
You worshipped Qazlal.
Qazlal was aware of your devotion.
You were not hungry.

You visited 2 branches of the dungeon, and saw 10 of its levels.
You also visited: Ossuary.

You collected 467 gold pieces.

Inventory:

Hand Weapons
 a - a +3 battleaxe (weapon)
 b - the +6 mace of Tuemnasi {freeze, SInv}
   (You found it on level 5 of the Dungeon)

   It has been specially enchanted to freeze those struck by it, causing extra
   injury to most foes and up to half again as much damage against particularly
   susceptible opponents.
   It can also slow down cold-blooded creatures.
   It lets you see invisible.
Armour
 g - the +10 plate armour of the Nexus (worn) {Dex+3 Slay+3}
   (You found it in an ossuary)

   It affects your dexterity (+3).
   It affects your accuracy and damage with ranged weapons and melee attacks
   (+3).
 l - a +2 cloak (worn)
Jewellery
 k - a +2 ring of intelligence (left hand)
 n - an amulet of harm (around neck)
 q - an uncursed ring of flight
 r - a ring of protection from cold (right hand)
Wands
 h - a wand of iceblast (22)
 o - a wand of digging (14)
Scrolls
 i - 3 scrolls of fog
 j - 2 scrolls of remove curse
 t - 2 scrolls of identify
Potions
 c - 9 potions of curing
 e - a potion of invisibility
 p - 5 potions of lignification
Comestibles
 f - 9 rations


   Skills:
 + Level 7.7 Fighting
 * Level 11.6 Axes
 + Level 7.7 Armour
 + Level 7.3 Dodging
   Level 3.6 Shields
 - Level 1.0 Spellcasting
 - Level 1.0 Conjurations
 - Level 1.1 Hexes
 - Level 1.0 Fire Magic
 - Level 2.0 Earth Magic
 + Level 1.2 Invocations
 - Level 3.0 Evocations


You had 2 spell levels left.
You knew the following spells:

 Your Spells              Type           Power        Failure   Level  Hunger
a - Leda's Liquefaction   Hex/Erth       #.........   100%        4    #####..
b - Bolt of Magma         Conj/Fire/Erth #.........   100%        5    ######.

Your spell library contained the following spells:

 Spells                   Type           Power        Failure   Level  Hunger
 Iron Shot                Conj/Erth      #.........   100%        6    #######
 Statue Form              Tmut/Erth      #........    100%        6    #######
 Shatter                  Erth           #.........   100%        9    #######


Dungeon Overview and Level Annotations

Branches:
Dungeon (9/15)             Temple (1/1) D:7            Lair (0/6) D:9
    Orc: D:9-12

Altars:
Cheibriados
Dithmenos
Elyvilon
Fedhas
Gozag
Hepliaklqana
Kikubaaqudgha
Makhleb
Nemelex Xobeh
Okawaru
Qazlal
Ru
Sif Muna
Trog
Uskayaw
Vehumet
Wu Jian
Xom
Yredelemnul
Zin
The Shining One

Shops:
D:6 }   D:7 =


Innate Abilities, Weirdness & Mutations

You reflexively headbutt those who attack you in melee.
You have a pair of horns on your head.
Your flesh is cold resistant. (rC+)
You are frail. (-10% HP)


Message History

The death knight offers itself to Yredelemnul, and fills with unholy energy.
Found 18 gold pieces.
The death knight's dark mirror aura disappears.
Found a gilded ring.
Okay, then.
You feel better.
You barely miss the troll. You headbutt the troll!
The troll is moderately wounded.
The troll bites you but does no damage. The troll closely misses you.
The troll claws you but does no damage.
The death knight offers itself to Yredelemnul, and fills with unholy energy.
Your plate armour of the Nexus prevents you from hitting the troll.
The troll is moderately wounded.
The troll bites you but does no damage. The troll claws you but does no damage.
The troll claws you.
* * * LOW HITPOINT WARNING * * *
The death knight hits you from afar with a glaive of protection!
* * * LOW HITPOINT WARNING * * *
The troll bites you!
You die...

#######.# #..# #p#
........# ##.# #.#
#####.#z# .# #z# zz
#.#.# #.# #.# WT # #W#
#.# #W# .. #z# #.# #.#
W. #.#p# #.# #§# ..
#.#T# #.# #§# .. #.#@#
#.###§#####.. #.#.#
#.#§§§§§§zWz. #.###
#..§#§######. #.#
#####..#§#
.######.###(.......#
.............(.....#
#########.#######))#.#
..........# ##.#.#
#........###
#...#######


You could see a death knight, 2 skeletal warriors, a troll and a wraith.

Vanquished Creatures
  Psyche (D:9)
  Joseph (D:8)
  A freezing wraith (D:9)
  Prince Ribbit (D:5)
  A hippogriff (D:8)
  Eustachio (D:6)
  Edmund (D:6)
  Menkaure (D:5)
  Duvessa (D:6)
  A water moccasin (D:8)
  An orc warrior (D:7)
  2 slaves (D:7)
  A phantom (D:7)
  2 ice beasts (D:7)
  A black bear (D:9)
  4 necrophages (D:7)
  5 ogres
  A centaur (D:5)
  2 elf zombies (Ossuary)
  2 bullfrogs
  Dowan (D:6)
  9 wights
  5 howler monkeys
  4 crimson imps
  Crazy Yiuf (D:5)
  A quasit (D:8)
  An orc priest (D:3)
  2 jellies
  5 hounds
  7 orc wizards
  2 bullfrog skeletons
  Jessica (D:2)
  5 iguanas
  9 worker ants
  A killer bee zombie (D:7)
  A big kobold zombie (Ossuary)
  4 hound zombies
  2 hound skeletons
  4 mummies (Ossuary)
  2 howler monkey skeletons
  12 adders
  An ooze (D:3)
  An adder zombie (D:5)
  A worm (D:4)
  2 dart slugs
  A leopard gecko (D:7)
  25 orcs
  4 giant cockroaches
  A gnoll zombie (Ossuary)
  9 goblins
  7 hobgoblins
  4 jackals (D:5)
  6 kobolds
  2 quokkas (D:7)
  A ball python (D:3)
  8 bats
  3 frilled lizards
  A hobgoblin zombie (Ossuary)
  2 kobold zombies (Ossuary)
  A leopard gecko skeleton (D:6)
  2 orc zombies (Ossuary)
  A quokka skeleton (D:7)
  8 rats
  3 rat zombies
204 creatures vanquished.

Notes
Turn   | Place    | Note
-------+----------+-------------------------------------------
     0 | D:1      | Gildeon the Minotaur Fighter began the quest for the Orb.
     0 | D:1      | Reached XP level 1. HP: 19/19 MP: 0/0
    89 | D:1      | Reached XP level 2. HP: 27/27 MP: 1/1
   191 | D:1      | Reached skill level 3 in Axes
   362 | D:1      | Reached skill level 1 in Dodging
   362 | D:1      | Reached XP level 3. HP: 33/33 MP: 2/2
   419 | D:2      | Noticed Jessica
   436 | D:2      | Killed Jessica
   835 | D:2      | Reached XP level 4. HP: 33/40 MP: 4/4
  1381 | D:2      | HP: 2/40 [poisoned by an orc wizard]
  1684 | D:2      | Reached skill level 4 in Axes
  1684 | D:2      | Reached skill level 1 in Spellcasting
  1957 | D:3      | Reached XP level 5. HP: 39/47 MP: 5/5
  2343 | D:3      | Found a faded altar of an unknown god.
  2609 | D:4      | Found a sand-covered staircase.
  2626 | Ossuary  | Entered an ossuary
  2650 | Ossuary  | Reached skill level 5 in Axes
  2650 | Ossuary  | Reached XP level 6. HP: 14/55 MP: 6/6
  2651 | Ossuary  | Reached skill level 5 in Fighting
  2651 | Ossuary  | Reached skill level 5 in Armour
  2900 | Ossuary  | Got a brightly glowing plate armour
  3153 | D:4      | Learned a level 4 spell: Leda's Liquefaction
  3163 | D:4      | Identified the +10 plate armour of the Nexus {Dex+3 Slay+3} (You found it in an ossuary)
  3330 | D:4      | Reached skill level 1 in Evocations
  3351 | D:4      | Reached XP level 7. HP: 61/61 MP: 7/7
  3352 | D:4      | Reached skill level 6 in Axes
  3562 | D:4      | Reached skill level 1 in Earth Magic
  3932 | D:5      | Entered Level 5 of the Dungeon
  3934 | D:5      | Gained mutation: You are frail. (-10% HP) [potion of mutation]
  3934 | D:5      | Gained mutation: Your flesh is cold resistant. (rC+) [potion of mutation]
  4199 | D:5      | Reached skill level 7 in Axes
  4245 | D:5      | Reached skill level 1 in Hexes
  4255 | D:5      | Reached XP level 8. HP: 61/61 MP: 8/8
  4273 | D:5      | Noticed Menkaure
  4277 | D:5      | Killed Menkaure
  4322 | D:5      | Reached skill level 8 in Axes
  4414 | D:5      | Noticed Prince Ribbit
  4495 | D:5      | Reached skill level 5 in Dodging
  4620 | D:5      | Killed Prince Ribbit
  4686 | D:5      | Found a runed door.
  4690 | D:5      | Noticed Crazy Yiuf
  4694 | D:5      | Killed Crazy Yiuf
  4694 | D:5      | Reached skill level 9 in Axes
  4706 | D:5      | Got a blackened mace
  4707 | D:5      | Identified the +6 mace of Tuemnasi {freeze, SInv} (You found it on level 5 of the Dungeon)
  4803 | D:6      | Noticed Duvessa
  4803 | D:6      | Noticed Dowan
  4814 | D:6      | Killed Dowan
  4818 | D:6      | Killed Duvessa
  4838 | D:6      | Learned a level 5 spell: Bolt of Magma
  4889 | D:6      | Found Nauxkux's Gadget Emporium.
  4902 | D:6      | Noticed Edmund
  4906 | D:6      | Reached XP level 9. HP: 67/67 MP: 9/9
  4908 | D:6      | Killed Edmund
  4986 | D:6      | Found an opulent altar of Gozag.
  5099 | D:6      | Noticed Eustachio
  5113 | D:6      | Killed Eustachio
  5538 | D:7      | Reached skill level 10 in Axes
  6001 | D:7      | Found a staircase to the Ecumenical Temple.
  6010 | Temple   | Entered the Ecumenical Temple
  6128 | Temple   | Became a worshipper of Qazlal Stormbringer
  6343 | D:7      | Found Ciwaivuja's Jewellery Shop.
  6449 | D:8      | Reached skill level 11 in Axes
  6500 | D:8      | Reached skill level 1 in Fire Magic
  6500 | D:8      | Reached XP level 10. HP: 77/77 MP: 11/11
  6803 | D:8      | Noticed Joseph
  6809 | D:8      | Killed Joseph
  7015 | D:9      | Reached skill level 1 in Conjurations
  7036 | D:9      | Noticed Psyche
  7044 | D:9      | Killed Psyche
  7044 | D:9      | Reached skill level 1 in Invocations
  7160 | D:9      | Found a staircase to the Lair.
  7194 | D:9      | Noticed a skeletal warrior
  7194 | D:9      | Noticed a skeletal warrior
  7194 | D:9      | Noticed a death knight
  7209 | D:9      | Reached * piety under Qazlal
  7247 | D:9      | Slain by a troll

Vault maps used:
D:1:      scummos_arrival_simple_fountains
D:2:      uniq_jessica
D:3:      chequers_ecumenical_altar_twisty
D:4:      enter_ossuary_4
D:5:      first_ration, uniq_prince_ribbit1, uniq_crazy_yiuf_cottage,
          uniq_menkaure
D:6:      serial_shops, nicolae_shop_crystal,
          nicolae_gozag_cash_rules_everything_around_me, uniq_duvessa,
          uniq_eustachio, uniq_edmund
D:7:      minmay_temple_entry_poolview, serial_shops, shop_fountains,
          serial_undead, serial_undead_d, serial_undead_e, serial_undead_b,
          serial_undead_e, serial_undead_e, uniq_pikel
D:8:      uniq_joseph
D:9:      ashenzari_altar_1, lair_entry_dummy, uniq_psyche, uniq_grum
Temple:   roderic_octagonal_lattice_temple
Ossuary:  ossuary_minmay_tomb_2a

Skill      XL: |  1  2  3  4  5  6  7  8  9 10 |
---------------+-------------------------------+-----
Axes           | 3 4 5 7 9 11 | 11.6
Dodging        | 1 2 3 4 5 6 7 |  7.3
Fighting       | 4 5 7 |  7.7
Armour         | 4 5 7 |  7.7
Spellcasting   | 1 |  1.0
Evocations     | 1 2 3 |  3.0
Earth Magic    | 1 2 |  2.0
Hexes          | 1 |  1.1
Fire Magic     | 1 |  1.0
Conjurations   | 1 |  1.0
Invocations    | 1 |  1.2
Shields        | |  3.6

Action                   |  1- 3 |  4- 6 |  7- 9 | 10-12 || total
-------------------------+-------+-------+-------+-------++-------
Melee: War axe           |    61 |   118 |    36 |       ||   215
       Headbutt          |     3 |    32 |    50 |    12 ||    97
       Battleaxe         |       |       |   159 |    46 ||   205
       Unarmed           |       |       |    20 |       ||    20
  Use: Scroll            |     6 |     5 |     9 |     1 ||    21
       Potion            |       |     2 |     2 |     2 ||     6
  Eat: Chunk             |       |     2 |     7 |     1 ||    10
       Ration            |       |     2 |     1 |       ||     3
Armor: Scale mail        |    46 |    16 |       |       ||    62
       Plate armour      |       |    83 |   128 |    57 ||   268
       Skin              |       |       |     4 |       ||     4
Dodge: Dodged            |    43 |    56 |   135 |    37 ||   271

Table legend:
 A = Spawn XP
 B = Non-spawn XP
 C = Spawn XP percentage of total XP
 D = Spawn monster count
 E = Non-spawn monster count
 F = Spawn count percentage of total count
 G = Total turns spent on level
                    A         B        C        D         E        F      G
               +---------+---------+-------+---------+---------+-------+---------
         Total |       0 |    7819 |   0.0 |       0 |     202 |   0.0 |  7247
               +---------+---------+-------+---------+---------+-------+---------
           D:1 |       0 |      41 |   0.0 |       0 |      26 |   0.0 |   398
           D:2 |       0 |     103 |   0.0 |       0 |       9 |   0.0 |  1366
           D:3 |       0 |     127 |   0.0 |       0 |      23 |   0.0 |   814
           D:4 |       0 |     417 |   0.0 |       0 |      21 |   0.0 |   833
           D:5 |       0 |    1323 |   0.0 |       0 |      31 |   0.0 |   871
           D:6 |       0 |    1057 |   0.0 |       0 |      18 |   0.0 |   574
           D:7 |       0 |    1743 |   0.0 |       0 |      33 |   0.0 |   720
           D:8 |       0 |    1224 |   0.0 |       0 |      15 |   0.0 |   616
           D:9 |       0 |    1443 |   0.0 |       0 |      10 |   0.0 |   269
       Ossuary |       0 |     341 |   0.0 |       0 |      16 |   0.0 |   521
               +---------+---------+-------+---------+---------+-------+---------
